 Dungeon Crawl Stone Soup version 0.26.1-11-gd32895ea62 (webtiles) character file.

Game seed: 4660424489130570984

53 MisterFreud the Sneak (level 3, -3/17 HPs)
             Began as a Felid Abyssal Knight on May 14, 2021.
             Was a Believer of Lugonu.
             Slain by a hobgoblin (5 damage)
             ... on level 3 of the Dungeon.
             The game lasted 00:03:21 (3798 turns).

MisterFreud the Sneak (Felid Abyssal Knight)        Turns: 3798, Time: 00:03:21

Health: -3/17      AC:  1    Str:  8    XL:     3   Next: 62%
Magic:  5/5        EV: 18    Int: 13    God:    Lugonu [**....]
Gold:   69         SH:  0    Dex: 16    Spells: 2/2 levels left
                                        Lives:  0   Deaths: 1

rFire    x . .     SeeInvis +     - Unarmed
rCold    + . .     Faith    .   (shield unavailable)
rNeg     . . .     Spirit   .   (armour unavailable)
rPois    .         Reflect  .   (helmet unavailable)
rElec    .         Harm     .   (cloak unavailable)
rCorr    .         Rampage  .   (gloves unavailable)
Will     .....                  (boots unavailable)
Stlth    +++.......             (no amulet)
HPRegen  0.05/turn              a - ring of ice
MPRegen  0.09/turn              (no ring)

@: quick
A: very small, no armour, no weapons or thrown items, stealth, claws 1, fangs 3,
see invisible, speed 1, shaggy fur 1, sharp paws
a: Renounce Religion, Depart the Abyss, Bend Space


You were on level 3 of the Dungeon.
You worshipped Lugonu.
Lugonu was pleased with you.
You visited 1 branch of the dungeon, and saw 3 of its levels.
You visited the Abyss 1 time.

You collected 69 gold pieces.

Inventory:

Jewellery
 a - a ring of ice (left paw)
 i - an uncursed ring of wizardry
Scrolls
 b - a scroll of enchant armour {unknown}
 d - a scroll of blinking {unknown}
 e - a scroll of immolation {unknown}
 f - 7 scrolls of teleportation {unknown}
 g - a scroll of amnesia {unknown}
 j - 5 scrolls of identify {unknown}
Potions
 h - a potion of invisibility {unknown}
 k - a potion of degeneration {unknown}


   Skills:
 - Level 3.0 Fighting
 - Level 3.2 Dodging
 + Level 4.2 Stealth
 + Level 3.6 Unarmed Combat
 - Level 1.7 Invocations


You had 2 spell levels left.
You didn't know any spells.
Your spell library was empty.

Dungeon Overview and Level Annotations

Branches:
Dungeon (3/15)

Altars:
Ashenzari
Makhleb


Innate Abilities, Weirdness & Mutations

You cannot wear armour.
You are incapable of wielding weapons or throwing items.
Your paws allow you to move quietly. (Stealth)
You have sharp claws.
You have razor-sharp teeth.
You have supernaturally acute eyesight. (SInv)
You cover ground quickly.
You are covered in fur. (AC +1)
Your sharp claws are effective at attacking unaware monsters.


Message History

You completely miss the hobgoblin. The hobgoblin completely misses you.
You are too injured to fight recklessly!
You barely miss the hobgoblin. The hobgoblin barely misses you.
You scratch the hobgoblin.
The hobgoblin is severely wounded.
The hobgoblin closely misses you.
You scratch the hobgoblin but do no damage.
The hobgoblin is severely wounded.
The hobgoblin closely misses you.
You barely miss the hobgoblin.
The hobgoblin is severely wounded.
The hobgoblin closely misses you.
You barely miss the hobgoblin.
The hobgoblin is severely wounded.
The hobgoblin hits you.
* * * LOW HITPOINT WARNING * * *
You barely miss the hobgoblin.
The hobgoblin is severely wounded.
The hobgoblin hits you.
You die...

###### #....# #......# #.##.#
#......##########..#.#####
#......#.........#.#.....#
#......#.#######.#....<#.##.
#......#.# ..#.###.........#
#......#.# #.#.#........(..#
#.#......#.###.#@#.#.#.........#
#..............#g#.............#
#######).^..####.###..........##
.....##........#...#..######...#
......)....#.#.###.........#####
.....###.###.# # #5........#
........>..#.# #.r.......#
.........#.#.# ##........#
.........#.# .........#


You could see a hobgoblin.

Vanquished Creatures
  3 adders (D:2)
  An ufetubus (D:3)
  3 worms
  2 dart slugs
  4 leopard geckos
  3 orcs (D:3)
  A giant cockroach (D:1)
  3 goblins
  5 hobgoblins (D:2)
  5 jackals
  6 kobolds
  A quokka (D:2)
  A ball python (D:2)
  5 bats
  2 frilled lizards (D:3)
  6 rats
51 creatures vanquished.

Notes
Turn   | Place    | Note
-------+----------+-------------------------------------------
     0 | Abyss:1  | MisterFreud the Felid Abyssal Knight began the quest for
                  | the Orb.
     0 | Abyss:1  | Reached XP level 1. HP: 10/10 MP: 3/3
    19 | D:1      | Escaped the Abyss
   239 | D:1      | Reached skill level 1 in Stealth
   600 | D:1      | Reached XP level 2. HP: 14/14 MP: 4/4
   798 | D:1      | Reached skill level 2 in Stealth
  1396 | D:2      | Found a broken altar of Ashenzari.
  2180 | D:2      | Reached XP level 3. HP: 11/17 MP: 5/5
  2202 | D:2      | Reached ** piety under Lugonu
  2399 | D:2      | Reached skill level 3 in Stealth
  2402 | D:2      | Found a burning altar of Makhleb.
  2878 | D:2      | Reached XP level 4. HP: 21/21 MP: 6/6
  3445 | D:3      | HP: 1/21 [orc/+0 mace (3)]
  3447 | D:3      | Reached skill level 4 in Stealth
  3464 | D:3      | Slain by an orc
  3465 | D:3      | Reached XP level 3. HP: 0/25 MP: 5/5
  3798 | D:3      | Slain by a hobgoblin

Illustrated notes

Levels and vault maps discovered:
D:1:      kennysheep_arrival_seaside, layout_loops_cross, lemuel_flame_loot_1
D:2:      layout_basic, old_standard_altar, old_standard_altar
D:3:      layout_basic, nrook_loot_triangle, tgw_kikubaaqudgha, uniq_ijyb

Skill      XL: |  1  2  3  4 |
---------------+-------------+-----
Stealth        | 1 2 3 4 |  4.2
Unarmed Combat | 3 |  3.6
Fighting       | |  3.0
Dodging        | |  3.2
Invocations    | |  1.7

Action                   |  1- 3 |  4- 6 || total
-------------------------+-------+-------++-------
Melee: Unarmed           |   165 |    41 ||   206
       Bite              |    13 |     5 ||    18
  Use: Potion            |       |     3 ||     3
 Stab: Sleeping          |     8 |     4 ||    12
Armor: Skin              |     6 |     1 ||     7
Dodge: Dodged            |   135 |    22 ||   157
